Map: Simulacrum LE

Players

Mamba

  • Race: Zerg Zerg
  • League: Master
  • Spawn Location: 5:00

RuFF - Winner!

  • Race: Terran Terran
  • League: Master
  • Spawn Location: 11:00

VOD

Have the link to the VOD?

Description

Time

  • Played on: Dec. 14, 2019, 5:01 p.m.
  • Length: 8:58
Show
View Real Time Build Order
Export as new Build Order

Mamba Zerg 

Build Orders: Hatch First 

Get SALT Encoding   

  12  0:03  Drone  
  13  0:14  Overlord  
  13  0:17  Drone  
  14  0:32  Drone x2  
  16  0:49  Hatchery  
  15  0:53  Drone  
  15  0:56  Drone  
  17  1:01  Drone  
  18  1:09  Extractor  
  17  1:16  Spawning Pool  
  17  1:18  Drone  
  17  1:21  Drone  
  18  1:34  Drone  
  19  1:42  Drone  
  20  1:52  Overlord  
  20  2:04  Queen x2  
  20  2:06  Drone  
  20  2:07  Drone  
  26  2:11  Metabolic Boost  
  26  2:18  Drone x2  
  28  2:30  Drone  
  28  2:31  Drone  
  30  2:40  Overlord  
  30  2:45  Hatchery  
  29  2:58  Queen x2  
  29  3:02  Overlord  
  29  3:05  Overlord  
  33  3:08  Zergling x2  
  33  3:09  Zergling x2  
  35  3:16  Zergling x4  
  35  3:17  Zergling x2  
  36  3:21  Overlord  
  36  3:27  Drone x3  
  39  3:34  Drone x3  
  39  3:39  Queen  
  44  3:50  Overlord  
  44  3:51  Drone x3  
  47  3:59  Queen  
  47  4:01  Queen  
  51  4:13  Drone x7  
  58  4:20  Lair  
  58  4:22  Overlord  
  58  4:25  Spore Crawler  
  58  4:29  Spore Crawler  
  58  4:30  Drone  
  57  4:39  Overlord x2  
  57  4:42  Drone  
  57  4:43  Drone x3  
  61  4:51  Drone x5  
  66  4:56  Overlord  
  66  5:00  Zergling x8  
  70  5:10  Zergling x4  
  72  5:16  Baneling Nest, Queen  
  72  5:18  Zergling x2  
  72  5:19  Zergling x12  
  80  5:24  Overlord x2  
  80  5:27  Overseer  
  80  5:30  Drone x4  
  83  5:36  Drone x3  
  86  5:46  Extractor  
  86  5:47  Drone x8, Extractor x2  
  86  5:48  Extractor x2  
  89  5:58  Drone x3  
  91  6:10  Drone  
  89  6:11  Drone x4  
  89  6:16  Drone x3  
  92  6:25  Hatchery  
  92  6:26  Overlord x2  
  92  6:27  Hydralisk Den  
  90  6:33  Drone x5  
  90  6:36  Centrifical Hooks  
  95  6:40  Evolution Chamber  
  95  6:43  Evolution Chamber  
  93  6:50  Zergling x14  
  90  7:06  Hydralisk x4  
  97  7:19  Hydralisk  
  97  7:20  Hydralisk x3  
  103  7:27  Hydralisk  
  103  7:28  Hydralisk  
  95  7:38  Overlord x3  
  91  7:45  Spire, Queen x4  
  91  7:46  Overlord x3  
  92  7:51  Spore Crawler  
  92  7:52  Spore Crawler  
  86  7:58  Zergling x8  
  86  7:59  Zergling x10  
  80  8:13  Drone x5  
  80  8:14  Hatchery  
  76  8:26  Spire  
Show
View Real Time Build Order
Export as new Build Order

RuFF Terran - Winner!

Build Orders:  

Get SALT Encoding   

  12  0:00  SCV  
  13  0:13  SCV  
  14  0:18  Supply Depot  
  14  0:25  SCV  
  15  0:30  Refinery  
  15  0:40  SCV  
  16  0:46  Barracks  
  16  0:52  SCV  
  16  0:56  Refinery  
  17  1:04  SCV  
  18  1:16  SCV  
  19  1:28  SCV  
  20  1:34  Barracks Tech Lab, Ghost Academy  
  20  1:41  Orbital Command  
  20  1:51  Supply Depot  
  20  2:03  Ghost  
  22  2:08  SCV  
  23  2:20  SCV  
  24  2:28  Factory  
  24  2:41  Ghost  
  24  2:43  SCV  
  27  2:53  Supply Depot  
  27  2:55  SCV  
  28  3:14  SCV  
  28  3:15  Factory Tech Lab  
  28  3:17  Command Center  
  29  3:26  SCV  
  30  3:30  Ghost  
  30  3:33  Siege Tank  
  35  3:39  SCV  
  36  3:42  Starport  
  36  3:51  SCV, Refinery  
  37  3:58  Ghost  
  37  4:00  Refinery  
  39  4:12  Supply Depot  
  39  4:24  Supply Depot  
  39  4:29  SCV, Medivac, Orbital Command  
  42  4:41  SCV  
  43  4:53  SCV, Fusion Core  
  43  4:57  Starport  
  44  5:02  Starport Tech Lab  
  44  5:05  SCV x2  
  46  5:15  Supply Depot  
  46  5:17  SCV x2  
  48  5:29  SCV  
  48  5:30  SCV  
  50  5:42  Battlecruiser  
  56  5:52  Battlecruiser  
  62  6:19  Weapon Refit  
  62  6:42  SCV  
  62  6:43  Supply Depot  
  62  6:46  Battlecruiser  
  69  7:00  Battlecruiser  
  67  7:06  SCV  
  67  7:07  Supply Depot x2  
  66  7:27  SCV  
  67  7:52  Battlecruiser  
  79  8:32  SCV  
  80  8:39  Factory x2  
  80  8:41  Command Center  
  80  8:42  Factory  
  80  8:52  Supply Depot  
  80  8:53  Supply Depot  
Tags
 
Add a new tag
Caveats
  • Supply blocks, unpowered buildings, or Contaminate may cause inaccurate times.
  • Supply counts are checked every 10 seconds.